[Event "Titled Tuesday Blitz May 23 Early 2023"]
[White "Dishman, Stephen"]
[Black "Castillo Pena, Patricia Evarista"]
[WhiteFideId "403024"]
[BlackFideId "6412106"]
[WhiteElo "2204"]
[BlackElo "1919"]
[Result "1-0"]
[Round "05"]
[TimeControl "180+2"]
[Date "2023.05.23"]
[WhiteClock "0:01:59"]
[BlackClock "0:00:49"]

1. c4 c6 2. Nf3 Nf6 3. g3 d5 4. Bg2 e6 5. O-O Nbd7 6. Qc2 Be7 7. d4 O-O 8. Nbd2 b6 9. e4 Bb7 10. e5 Ne8 11. cxd5 cxd5 12. Re1 Qc7 13. Qa4 a6 14. Nf1 b5 15. Qd1 Rc8 16. Ne3 Qb6 17. h4 b4 18. Ng4 Qc7 19. Bf1 Qc2 20. Bd3 Qxd1 21. Rxd1 Kh8 22. h5 Nc7 23. h6 g6 24. Bg5 Rce8 25. Rac1 Bxg5 26. Rxc7 1-0


[Site "https://www.chess.com"]

[Event "Titled Tuesday Blitz May 23 Early 2023"]
[White "Silva Rosas, Natalia"]
[Black "Alexikov, Alexander"]
[WhiteFideId "3000575"]
[BlackFideId "14103958"]
[WhiteElo "1651"]
[BlackElo "2186"]
[Result "0-1"]
[Round "05"]
[TimeControl "180+2"]
[Date "2023.05.23"]
[WhiteClock "0:00:00"]
[BlackClock "0:00:26"]

1. e4 c5 2. Nf3 d6 3. g3 Nf6 4. d3 Nc6 5. Bg2 e5 6. O-O g6 7. Nc3 Bg7 8. Bg5 h6 9. Bd2 O-O 10. Qc1 Kh7 11. h4 Bg4 12. Nh2 Be6 13. f4 exf4 14. gxf4 Nd4 15. Nf3 Bg4 16. Nxd4 cxd4 17. Nd1 Nh5 18. Nf2 Qxh4 19. Nxg4 Qxg4 20. f5 Ng3 21. Kf2 Nxf1 22. Qxf1 Be5 23. Bf3 Qg3+ 24. Ke2 gxf5 25. exf5 Rae8 26. Be4 Qg4+ 27. Qf3 Rg8 28. f6+ Kh8 29. Bxh6 Qxf3+ 30. Kxf3 Rg3+ 31. Kf2 Rh3 32. Bg7+ Kg8 33. Rg1 Rh7 34. Bh6+ Kh8 35. Bxh7 Kxh7 36. Bg7 Re6 37. Rh1+ Kg6 38. Rg1+ Kf5 39. Ke2 Bxf6+ 40. Kd2 Bg5+ 41. Kd1 f6 42. Rf1+ Kg6 43. Bf8 Kf7 0-1


[Site "https://www.chess.com"]

[Event "Titled Tuesday Blitz May 23 Early 2023"]
[White "Butolo, Alexandru-Mircea"]
[Black "Peiris, T G M"]
[WhiteFideId "1261649"]
[BlackFideId "9901310"]
[WhiteElo "1850"]
[BlackElo "2022"]
[Result "1-0"]
[Round "05"]
[TimeControl "180+2"]
[Date "2023.05.23"]
[WhiteClock "0:00:46"]
[BlackClock "0:00:00"]

1. e4 c6 2. Nf3 d5 3. exd5 cxd5 4. d4 Nf6 5. Bd3 Nc6 6. h3 e6 7. Bf4 Bd6 8. Bxd6 Qxd6 9. O-O O-O 10. Re1 b6 11. c3 Bb7 12. Ne5 Ne7 13. Nd2 a6 14. Qe2 b5 15. a4 b4 16. Nb3 bxc3 17. bxc3 Rac8 18. Nc5 Ba8 19. Bxa6 Rxc5 20. dxc5 Qxc5 21. Qe3 Qd6 22. Bd3 Ne4 23. Bxe4 dxe4 24. Nc4 Qc6 25. Qe2 Nf5 26. a5 e3 27. f3 Qb5 28. Nxe3 Qc5 29. Qf2 Qxc3 30. Nxf5 exf5 31. a6 Qf6 32. a7 g6 33. Rab1 Kg7 34. Rb8 Qa6 35. Qb2+ Kh6 36. Rxf8 1-0


[Site "https://www.chess.com"]

[Event "Titled Tuesday Blitz May 23 Early 2023"]
[White "Larina, Maria"]
[Black "chessjazda"]
[WhiteFideId "24113182"]
[WhiteElo "1848"]
[BlackElo "2307"]
[Result "1-0"]
[Round "05"]
[TimeControl "180+2"]
[Date "2023.05.23"]
[WhiteClock "0:00:28"]
[BlackClock "0:00:20"]

1. e4 d6 2. d4 Nf6 3. Nc3 g6 4. f3 h5 5. Be3 h4 6. Qd2 Nc6 7. O-O-O a6 8. Kb1 e5 9. dxe5 Nxe5 10. Nd5 Nxd5 11. exd5 Bf5 12. f4 Ng4 13. Bd4 Rg8 14. Re1+ Kd7 15. Nf3 Bh6 16. Ng5 Qf8 17. h3 Bxg5 18. hxg4 Bxg4 19. fxg5 Re8 20. Bc4 Kc8 21. Bf6 Bf5 22. Bd3 Bg4 23. Rxh4 Bd7 24. Rhe4 Rxe4 25. Rxe4 Kb8 26. Qb4 Ka8 27. a3 Qc8 28. Qe1 Bf5 29. Re3 Bg4 30. Re7 Bd7 31. Rxf7 Re8 32. Re7 Rf8 33. Bxg6 b6 34. Bd3 Ka7 35. Qc3 a5 36. g6 Re8 37. g7 Rxe7 38. Bxe7 Kb7 39. Bf8 1-0


[Site "https://www.chess.com"]

[Event "Titled Tuesday Blitz May 23 Early 2023"]
[White "Putri, Regita Desyari"]
[Black "Kuchava, Ana"]
[WhiteFideId "7109083"]
[BlackFideId "13605348"]
[WhiteElo "1930"]
[BlackElo "2001"]
[Result "0-1"]
[Round "05"]
[TimeControl "180+2"]
[Date "2023.05.23"]
[WhiteClock "0:00:01"]
[BlackClock "0:00:14"]

1. d4 d5 2. c4 e6 3. Nf3 Nf6 4. Nc3 Be7 5. Bf4 c5 6. e3 Nc6 7. cxd5 Nxd5 8. Bg3 O-O 9. Bd3 cxd4 10. exd4 Bf6 11. a3 g6 12. O-O Nxd4 13. Nxd4 Bxd4 14. Bxg6 Bxc3 15. bxc3 hxg6 16. Qc2 Qf6 17. c4 Nb6 18. Rae1 Bd7 19. Be5 Qf5 20. Qc3 f6 21. Bd6 Rf7 22. Re3 Rc8 23. Rf3 Rxc4 24. Qe3 Qg5 25. Bf4 Qc5 26. Qd2 Bc6 27. Bd6 Qd4 28. Rd3 Qg4 29. f3 Qg5 30. Qf2 Nd5 31. Bg3 Rc1 32. f4 Rxf1+ 33. Qxf1 Qf5 34. Rd2 Qe4 35. h3 Ne3 36. Qf2 Nd5 37. Kh2 Rd7 38. Rd4 Qb1 39. Qe2 Kf7 40. Re4 Nc3 41. Qc4 Qxe4 42. Qxc3 Qxg2# 0-1


[Site "https://www.chess.com"]

[Event "Titled Tuesday Blitz May 23 Early 2023"]
[White "Nithyalakshmi, Sivanesan"]
[Black "Vargas Rodriguez, Wilver"]
[WhiteFideId "5706955"]
[BlackFideId "3509672"]
[WhiteElo "1815"]
[BlackElo "2246"]
[Result "1-0"]
[Round "05"]
[TimeControl "180+2"]
[Date "2023.05.23"]
[WhiteClock "0:00:32"]
[BlackClock "0:00:00"]

1. e4 c5 2. Nc3 Nc6 3. Bb5 Nd4 4. Nf3 Nxb5 5. Nxb5 a6 6. Nc3 d6 7. d4 cxd4 8. Nxd4 Nf6 9. Bg5 e6 10. f4 Be7 11. Qf3 Qc7 12. O-O-O b5 13. Rhe1 Bb7 14. a3 Rc8 15. Kb1 h6 16. Bh4 Nxe4 17. Nxe4 Bxh4 18. g3 Be7 19. f5 e5 20. f6 Bxe4 21. Qxe4 Bxf6 22. Nf5 O-O 23. Nxd6 Rcd8 24. Nf5 Rxd1+ 25. Rxd1 Rd8 26. Rf1 Bg5 27. h4 Bd2 28. Qg4 f6 29. Qe4 1-0


[Site "https://www.chess.com"]

[Event "Titled Tuesday Blitz May 23 Early 2023"]
[White "Acikel, Mert"]
[Black "stratacticos"]
[WhiteFideId "12956465"]
[WhiteElo "2097"]
[BlackElo "1895"]
[Result "1-0"]
[Round "05"]
[TimeControl "180+2"]
[Date "2023.05.23"]
[WhiteClock "0:00:11"]
[BlackClock "0:00:00"]

1. e4 c5 2. Nf3 Nc6 3. Bb5 Na5 4. O-O a6 5. Be2 b5 6. d4 cxd4 7. Nxd4 e5 8. Nf3 Nc6 9. Be3 Nf6 10. Nbd2 d5 11. exd5 Nxd5 12. Bg5 Be7 13. Bxe7 Ncxe7 14. Nxe5 Qc7 15. Ndf3 Be6 16. c4 bxc4 17. Qa4+ Kf8 18. Qxc4 Qxc4 19. Bxc4 f6 20. Nd3 Nf4 21. Nxf4 Bxc4 22. Rfe1 Kf7 23. b3 Bb5 24. Rac1 Rac8 25. h3 g5 26. Nh5 Rxc1 27. Rxc1 Kg6 28. Ng3 h5 29. Rc7 Nd5 30. Rc5 Nf4 31. Nd4 Bd7 32. b4 Nd3 33. Rd5 Bc8 34. a3 Re8 35. Nf3 Nf4 36. Rd6 h4 37. Nf1 Ne2+ 38. Kh2 g4 39. hxg4 Bxg4 40. Nxh4+ Kg5 41. g3 1-0


[Site "https://www.chess.com"]

[Event "Titled Tuesday Blitz May 23 Early 2023"]
[White "Martin, Lewis"]
[Black "Sokolov, Andrei"]
[WhiteFideId "410551"]
[BlackFideId "11600306"]
[WhiteElo "2145"]
[BlackElo "2473"]
[Result "1-0"]
[Round "05"]
[TimeControl "180+2"]
[Date "2023.05.23"]
[WhiteClock "0:00:44"]
[BlackClock "0:00:00"]

1. e4 c6 2. b3 d5 3. Bb2 dxe4 4. Nc3 Nf6 5. Nge2 Bf5 6. Ng3 Bg6 7. Qe2 e6 8. Ncxe4 Be7 9. O-O-O Nbd7 10. f4 Nxe4 11. Nxe4 Nf6 12. Ng3 Qa5 13. Kb1 h5 14. h4 O-O-O 15. Bc3 Qc7 16. Be5 Bd6 17. d4 Nd5 18. Qf3 f6 19. Bxd6 Qxd6 20. f5 exf5 21. Bc4 f4 22. Ne2 Rhe8 23. Bxd5 cxd5 24. Nxf4 Be4 25. Qf2 Kb8 26. Rhe1 Rc8 27. Rc1 Rc3 28. Qd2 1-0


[Site "https://www.chess.com"]

[Event "Titled Tuesday Blitz May 23 Early 2023"]
[White "Coelho, Ramyres Santana"]
[Black "Bychkov, Vladimir"]
[WhiteFideId "2120690"]
[BlackFideId "24151513"]
[WhiteElo "1888"]
[BlackElo "2224"]
[Result "1-0"]
[Round "05"]
[TimeControl "180+2"]
[Date "2023.05.23"]
[WhiteClock "0:01:45"]
[BlackClock "0:01:21"]

1. e4 c6 2. d4 d5 3. Nc3 dxe4 4. Nxe4 Nf6 5. Nxf6+ exf6 6. Nf3 Bd6 7. Be3 O-O 8. Qd2 Re8 9. O-O-O a5 10. Bd3 a4 11. h3 a3 12. b3 Na6 13. c3 b5 14. g4 b4 15. c4 c5 16. dxc5 Bc7 17. Qc2 h6 18. Bh7+ Kf8 19. Rxd8 Rxd8 20. Bf5 Bb7 21. Be4 Bxe4 22. Qxe4 Re8 23. Qh7 Rad8 24. Re1 Re6 25. Bd2 Nxc5 26. Qh8+ Ke7 27. Rxe6+ Kxe6 28. Qxg7 Nd3+ 29. Kc2 Nxf2 30. Qxh6 Ne4 31. Qe3 f5 32. gxf5+ Kxf5 33. Nd4+ Ke5 34. Nc6+ 1-0


[Site "https://www.chess.com"]

[Event "Titled Tuesday Blitz May 23 Early 2023"]
[White "Torres Hernandez, Leslie Carolin"]
[Black "Akylbek2021"]
[WhiteFideId "8400504"]
[WhiteElo "1920"]
[BlackElo "2472"]
[Result "1-0"]
[Round "05"]
[TimeControl "180+2"]
[Date "2023.05.23"]
[WhiteClock "0:00:24"]
[BlackClock "0:00:18"]

1. e4 c5 2. Nf3 Nc6 3. Bb5 d6 4. O-O Bd7 5. c3 a6 6. Ba4 Nf6 7. Re1 b5 8. Bc2 e5 9. d4 Be7 10. d5 Na5 11. Nbd2 O-O 12. Nf1 b4 13. Ng3 g6 14. h4 h5 15. Bg5 Bg4 16. Qc1 Rb8 17. Bh6 Re8 18. Ng5 Nh7 19. Ba4 Bd7 20. Bd1 Nxg5 21. hxg5 h4 22. Nf1 bxc3 23. bxc3 Nc4 24. Be2 Bb5 25. a4 Na5 26. axb5 Nb3 27. Qe3 Nxa1 28. Rxa1 axb5 29. Nh2 b4 30. cxb4 Rxb4 31. Ng4 Qb8 32. Qf3 Rb3 33. Nf6+ Kh8 34. Qg4 Bxf6 35. gxf6 Rb1+ 36. Rxb1 Qxb1+ 37. Kh2 Qe1 38. Qxh4 Qxe2 39. Bg7+ Kg8 40. Qh8# 1-0


[Site "https://www.chess.com"]

[Event "Titled Tuesday Blitz May 23 Early 2023"]
[White "Aanna12"]
[Black "Kaplan, Avi Harrison"]
[BlackFideId "30934559"]
[WhiteElo "2210"]
[BlackElo "1983"]
[Result "0-1"]
[Round "05"]
[TimeControl "180+2"]
[Date "2023.05.23"]
[WhiteClock "0:00:10"]
[BlackClock "0:00:30"]

1. e4 h6 2. d4 a6 3. Bd3 b5 4. Nd2 Bb7 5. c3 Nf6 6. Ne2 d5 7. e5 Ne4 8. O-O e6 9. f3 Nxd2 10. Bxd2 c5 11. f4 Nc6 12. a3 Qb6 13. Be3 Be7 14. f5 exf5 15. Bxf5 cxd4 16. cxd4 Nxe5 17. Ng3 Nc4 18. Bf2 O-O 19. Qg4 Nd6 20. Be3 Kh8 21. Nh5 Nxf5 22. Qxf5 Qg6 23. Qh3 Bc8 24. Nf4 Qe4 25. Qg3 Bh4 26. Qf3 Qxf3 27. Rxf3 Bg5 28. Nxd5 Bb7 29. Bxg5 Bxd5 30. Rh3 Rac8 31. Be3 Rc2 32. Bf2 Rxb2 33. Rc1 Re8 34. Rc8 0-1


[Site "https://www.chess.com"]

[Event "Titled Tuesday Blitz May 23 Early 2023"]
[White "Martinez, Shawn"]
[Black "Tarnowska, Aleksandra"]
[WhiteFideId "2039770"]
[BlackFideId "1180967"]
[WhiteElo "2174"]
[BlackElo "1776"]
[Result "1-0"]
[Round "05"]
[TimeControl "180+2"]
[Date "2023.05.23"]
[WhiteClock "0:00:55"]
[BlackClock "0:00:01"]

1. e4 c5 2. Nc3 d6 3. Bc4 g6 4. d3 Bg7 5. f4 Nf6 6. Nf3 O-O 7. O-O a6 8. a4 Nc6 9. Qe1 Nd4 10. Nxd4 cxd4 11. Nd5 Nxd5 12. Bxd5 e6 13. Bb3 Bd7 14. f5 exf5 15. exf5 Bxf5 16. Qg3 Be5 17. Bf4 Qf6 18. Rf2 Rae8 19. Raf1 Bxf4 20. Rxf4 Re5 21. h4 h5 22. Rxd4 Kh7 23. Rdf4 Rfe8 24. Qf3 Re2 25. Qxb7 R8e7 26. Qd5 Rd2 27. Qf3 Ree2 28. d4 Qe7 29. Rxf5 gxf5 30. Qxf5+ Kg7 31. Bd5 Qe3+ 32. Kh1 Kh8 33. Qxh5+ Kg7 34. Qxf7+ Kh6 35. Rf6# 1-0


[Site "https://www.chess.com"]

[Event "Titled Tuesday Blitz May 23 Early 2023"]
[White "Arcos Facio, Mateo"]
[Black "Travadon, Loic"]
[WhiteFideId "3001199"]
[BlackFideId "26092131"]
[WhiteElo "2156"]
[BlackElo "2405"]
[Result "0-1"]
[Round "05"]
[TimeControl "180+2"]
[Date "2023.05.23"]
[WhiteClock "0:00:04"]
[BlackClock "0:00:33"]

1. e4 e5 2. Bc4 Nf6 3. d4 exd4 4. Nf3 Nc6 5. e5 d5 6. Bb5 Ne4 7. Nxd4 Bd7 8. O-O Bc5 9. Bxc6 bxc6 10. f3 Ng5 11. Be3 Bb6 12. f4 Ne4 13. Nc3 Nxc3 14. bxc3 c5 15. Nb3 Bb5 16. Re1 c4 17. Nd4 Bd7 18. Qh5 g6 19. Qh6 Qe7 20. f5 gxf5 21. e6 fxe6 22. Nxf5 Bxe3+ 23. Rxe3 Qc5 24. Qf6 Rg8 25. Re1 Rb8 26. Ng7+ Rxg7 27. Qxg7 Rb2 28. Qg8+ Ke7 29. Kh1 Qb6 30. Rf3 Kd6 31. Qf8+ Kc6 32. Rf7 Rb1 33. Rff1 Rxe1 34. Rxe1 Qb2 35. Qa8+ Kd6 36. Qxa7 Qxc3 37. Qa6+ c6 38. Qa7 Qxe1+ 39. Qg1 Qxg1+ 40. Kxg1 e5 0-1


[Site "https://www.chess.com"]

[Event "Titled Tuesday Blitz May 23 Early 2023"]
[White "De Souza, Cristiano Gomes"]
[Black "dDobravcan"]
[WhiteFideId "2151758"]
[WhiteElo "2068"]
[BlackElo "2121"]
[Result "1-0"]
[Round "05"]
[TimeControl "180+2"]
[Date "2023.05.23"]
[WhiteClock "0:00:58"]
[BlackClock "0:00:00"]

1. d4 d6 2. c4 e5 3. dxe5 dxe5 4. Qxd8+ Kxd8 5. Nc3 Be6 6. e4 c6 7. Be3 f6 8. Nf3 Kc7 9. Rc1 Nd7 10. Be2 Nh6 11. h3 Nf7 12. O-O Rd8 13. Rfd1 a5 14. Kf1 g5 15. Nd5+ Kb8 16. Nb6 Be7 17. Nxd7+ Rxd7 18. Rxd7 Bxd7 19. c5 Be6 20. Bd2 a4 21. Bd1 Bxa2 22. Bxa4 Be6 23. b4 h5 24. Ke2 g4 25. hxg4 hxg4 26. Ne1 Rd8 27. b5 cxb5 28. Bxb5 Rd4 29. Bd3 Nd8 30. Nc2 Ra4 31. Ne3 Nc6 32. Bc3 Nd4+ 33. Bxd4 exd4 34. Nf5 Bxf5 35. exf5 Ra2+ 36. Rc2 Rxc2+ 37. Bxc2 Bxc5 38. Kd3 Kc7 39. Ke4 Kd6 40. Kf4 d3 41. Bxd3 Bxf2 42. Kxg4 Kc5 43. Kf4 b5 44. g4 Bd4 45. g5 1-0


[Site "https://www.chess.com"]

[Event "Titled Tuesday Blitz May 23 Early 2023"]
[White "Cramling Bellon, Anna"]
[Black "Alhadad, Mahmoud"]
[WhiteFideId "32009232"]
[BlackFideId "11501863"]
[WhiteElo "1976"]
[BlackElo "1955"]
[Result "0-1"]
[Round "05"]
[TimeControl "180+2"]
[Date "2023.05.23"]
[WhiteClock "0:00:13"]
[BlackClock "0:01:29"]

1. d4 d5 2. c4 Nc6 3. cxd5 Qxd5 4. e3 e5 5. Nc3 Bb4 6. Bd2 Bxc3 7. bxc3 Qd6 8. Bc4 Nf6 9. Ne2 O-O 10. O-O Be6 11. Bxe6 Qxe6 12. Qb3 Qg4 13. f3 Qc8 14. e4 exd4 15. cxd4 Rd8 16. d5 Ne5 17. Bc3 Ng6 18. Bxf6 gxf6 19. Qc3 Rd6 20. Ng3 Qd8 21. Rac1 c6 22. Nf5 Rd7 23. dxc6 bxc6 24. Qxc6 Nf4 25. Ng3 Rd2 26. Rf2 Rxf2 27. Kxf2 Qd2+ 0-1


[Site "https://www.chess.com"]

[Event "Titled Tuesday Blitz May 23 Early 2023"]
[White "Hartikainen, Jarmo"]
[Black "lluiss"]
[WhiteFideId "503134"]
[WhiteElo "2079"]
[BlackElo "2255"]
[Result "0-1"]
[Round "05"]
[TimeControl "180+2"]
[Date "2023.05.23"]
[WhiteClock "0:00:00"]
[BlackClock "0:00:06"]

1. e4 c5 2. c3 d5 3. exd5 Qxd5 4. d4 Nf6 5. Nf3 Bg4 6. Be2 e6 7. Na3 cxd4 8. Nb5 Na6 9. Nbxd4 e5 10. Nc2 Qxd1+ 11. Bxd1 e4 12. Nfd4 Bxd1 13. Kxd1 O-O-O 14. b4 Nd5 15. Bd2 Kb8 16. Kc1 Rc8 17. Kb2 g6 18. Rae1 f5 19. f3 exf3 20. gxf3 Bg7 21. Re2 Nac7 22. Rhe1 Rce8 23. a3 Rxe2 24. Rxe2 Nb6 25. Kb3 Ncd5 26. c4 Nf6 27. a4 Re8 28. Rxe8+ Nxe8 29. a5 Nd7 30. Ne6 Be5 31. f4 Bd6 32. Ncd4 Nef6 33. Be3 Ne4 34. h4 Ndf6 35. c5 Bc7 36. Ng5 h6 37. Nxe4 Nxe4 38. Ne6 Kc8 39. Nf8 g5 40. hxg5 hxg5 41. fxg5 f4 42. Bd4 Nxg5 43. Ng6 f3 44. Kc2 Ne4 45. Kd1 Bg3 0-1


[Site "https://www.chess.com"]

[Event "Titled Tuesday Blitz May 23 Early 2023"]
[White "Dilmukhametov, Artur"]
[Black "Sanudula, K M Dahamdi"]
[WhiteFideId "24179922"]
[BlackFideId "9932470"]
[WhiteElo "2242"]
[BlackElo "1556"]
[Result "0-1"]
[Round "05"]
[TimeControl "180+2"]
[Date "2023.05.23"]
[WhiteClock "0:02:08"]
[BlackClock "0:02:03"]

1. e4 d5 2. exd5 Qxd5 3. Nc3 Qa5 4. Nf3 Nf6 5. Bc4 c6 6. O-O Bg4 7. Re1 e6 8. d4 Bd6 9. Bg5 Bxf3 10. Qxf3 Qxg5 11. Bxe6 O-O 12. Bb3 Qf4 13. Qh3 Ng4 14. Re4 Nxf2 15. Rxf4 Nxh3+ 16. gxh3 Bxf4 17. Ne4 Nd7 18. Kf2 Nf6 19. Nxf6+ gxf6 20. Rg1+ Kh8 21. c3 Rae8 22. Bc2 Be3+ 0-1


[Site "https://www.chess.com"]

[Event "Titled Tuesday Blitz May 23 Early 2023"]
[White "Lohani, Sujana"]
[Black "Clawitter, Craig"]
[WhiteFideId "12311987"]
[BlackFideId "2023105"]
[WhiteElo "1718"]
[BlackElo "2241"]
[Result "0-1"]
[Round "05"]
[TimeControl "180+2"]
[Date "2023.05.23"]
[WhiteClock "0:00:00"]
[BlackClock "0:00:05"]

1. d4 e6 2. Nf3 Nf6 3. c4 c5 4. g3 cxd4 5. Nxd4 d5 6. cxd5 Qxd5 7. Nf3 Qxd1+ 8. Kxd1 Bc5 9. e3 Nc6 10. Bb5 Bd7 11. Ke2 O-O-O 12. Nc3 Ng4 13. h3 Nge5 14. Nxe5 Nxe5 15. Bxd7+ Rxd7 16. Ne4 Be7 17. Bd2 Rhd8 18. Rhc1+ Kb8 19. Rc2 f5 20. Nc3 Nd3 21. Rd1 Bf6 22. Nb5 Nxb2 23. Rb1 Nc4 24. Bb4 Nb6 25. Bd6+ Rxd6 26. Nxd6 Rxd6 27. Rd1 Nd5 28. Kf3 Ra6 29. Rdc1 b6 30. Rc6 Rxa2 31. Rxe6 a5 32. Rcc6 Rd2 0-1


[Site "https://www.chess.com"]

[Event "Titled Tuesday Blitz May 23 Early 2023"]
[White "Vargas, Mauricio"]
[Black "Thiel, Thomas"]
[WhiteFideId "4404572"]
[BlackFideId "4615964"]
[WhiteElo "1986"]
[BlackElo "2232"]
[Result "0-1"]
[Round "05"]
[TimeControl "180+2"]
[Date "2023.05.23"]
[WhiteClock "0:00:00"]
[BlackClock "0:00:24"]

1. e4 d5 2. e5 Bf5 3. f4 e6 4. Nf3 c5 5. Bb5+ Nc6 6. Bxc6+ bxc6 7. d3 Ne7 8. O-O h5 9. Nc3 Bg4 10. h3 Bxf3 11. Qxf3 Nf5 12. g3 Rb8 13. b3 Qa5 14. Na4 Qa6 15. c4 d4 16. Ba3 Qa5 17. Qxc6+ Kd8 18. Nxc5 Bxc5 19. Bxc5 Rc8 20. Qb7 Qxc5 21. Qxf7 Qc6 22. Kh2 Rc7 23. Qg6 Qe8 24. Qg5+ Qe7 25. Qg6 Rh6 26. Qg5 Qxg5 27. fxg5 Rg6 28. h4 Ke7 29. Kh3 Rc5 30. Rf4 Rxe5 31. g4 Re3+ 32. Kg2 hxg4 33. Rxg4 Rxd3 34. h5 Ne3+ 35. Kf3 Nxg4+ 36. Kxg4 Kf7 37. hxg6+ Kxg6 38. Re1 Re3 39. Rd1 Re4+ 40. Kf3 Rh4 0-1


[Site "https://www.chess.com"]

[Event "Titled Tuesday Blitz May 23 Early 2023"]
[White "Sarana, Alexey"]
[Black "Sjugirov, Sanan"]
[WhiteFideId "24133795"]
[BlackFideId "4189302"]
[WhiteElo "2714"]
[BlackElo "2569"]
[Result "1-0"]
[Round "06"]
[TimeControl "180+2"]
[Date "2023.05.23"]
[WhiteClock "0:00:04"]
[BlackClock "0:00:00"]

1. d4 Nf6 2. c4 e6 3. Nc3 Bb4 4. e3 Bxc3+ 5. bxc3 b6 6. Bd3 Bb7 7. f3 d6 8. Ne2 Nfd7 9. e4 Qh4+ 10. Ng3 h5 11. Be3 Nc6 12. Qd2 Qe7 13. h4 O-O-O 14. Ne2 Rdg8 15. Nc1 f6 16. Nb3 g5 17. hxg5 fxg5 18. a4 g4 19. f4 a5 20. Kd1 h4 21. Kc2 h3 22. g3 Qf7 23. c5 dxc5 24. dxc5 e5 25. f5 Rd8 26. cxb6 cxb6 27. Qe2 Kc7 28. Nd2 Nc5 29. Bxc5 bxc5 30. Bc4 Qd7 31. Nb3 Qd6 32. Qxg4 h2 33. Rad1 Qf8 34. Rxd8 Nxd8 35. Qe2 Bc6 36. Bb5 Qh6 37. Nxc5 Qd6 38. Na6+ Kb7 39. Rb1 1-0


[Site "https://www.chess.com"]

[Event "Titled Tuesday Blitz May 23 Early 2023"]
[White "Bortnyk, Olexandr"]
[Black "Matlakov, Maxim"]
[WhiteFideId "14120828"]
[BlackFideId "4168003"]
[WhiteElo "2734"]
[BlackElo "2666"]
[Result "1-0"]
[Round "06"]
[TimeControl "180+2"]
[Date "2023.05.23"]
[WhiteClock "0:01:20"]
[BlackClock "0:00:08"]

1. d4 Nf6 2. Nc3 d5 3. Bf4 c5 4. e4 dxe4 5. dxc5 Qa5 6. Qd2 Nc6 7. O-O-O e5 8. Nb5 Bxc5 9. Qxa5 Nxa5 10. Nc7+ Ke7 11. Bxe5 Ng4 12. Bg3 Nxf2 13. Bxf2 Bxf2 14. Nxa8 Bg4 15. Be2 Bxe2 16. Nxe2 Rxa8 17. Nc3 e3 18. Rd3 Nc4 19. Nd1 Ne5 20. Nxf2 exf2 21. Rd2 Rc8 22. Kb1 f6 23. Rxf2 h5 24. h3 Ke6 25. Rd1 h4 26. b3 g5 27. c4 Ng6 28. Re2+ Kf5 29. Rd5+ Ne5 30. Kc2 Ke6 31. Kc3 a6 32. a4 Rc7 33. a5 Rg7 34. Rd4 Rc7 35. b4 Kf5 36. Rf2+ Ke6 37. c5 Rc6 38. Rfd2 Nf7 39. Rd7 1-0


[Site "https://www.chess.com"]

[Event "Titled Tuesday Blitz May 23 Early 2023"]
[White "Svane, Frederik"]
[Black "Hayrapetyan, Hovik"]
[WhiteFideId "12923044"]
[BlackFideId "13302639"]
[WhiteElo "2502"]
[BlackElo "2348"]
[Result "1-0"]
[Round "06"]
[TimeControl "180+2"]
[Date "2023.05.23"]
[WhiteClock "0:00:04"]
[BlackClock "0:00:03"]

1. e4 c5 2. Nf3 d6 3. d4 cxd4 4. Qxd4 Nc6 5. Qe3 g6 6. Bc4 Bh6 7. Qc3 Qa5 8. Bxh6 Nxh6 9. O-O O-O 10. h3 Qxc3 11. Nxc3 Kg7 12. Rfd1 Ng8 13. a3 Nf6 14. Rd2 b6 15. Re1 Bb7 16. Nd5 Rfd8 17. Ba2 Rac8 18. c3 e6 19. Nxf6 Kxf6 20. Red1 Ke7 21. h4 h6 22. Re1 Ne5 23. Nd4 a6 24. f3 Nc4 25. Bxc4 Rxc4 26. Nc2 h5 27. Ne3 Rc7 28. Red1 Rcc8 29. Kf2 b5 30. Rd4 Rc5 31. Kg3 Rcc8 32. R4d2 Rc5 33. Kf2 Rcc8 34. Rd4 Rc5 35. a4 e5 36. Rb4 Bc6 37. axb5 axb5 38. Ra1 Ra8 39. Rxa8 Bxa8 40. g4 hxg4 41. fxg4 Bc6 42. Ke2 Kf8 43. g5 Ke7 44. Kd3 Ke6 45. Ng4 d5 46. Nf6 dxe4+ 47. Ke3 Kd6 48. Rxe4 Bxe4 49. Nxe4+ Kc6 50. Nxc5 Kxc5 51. Ke4 Kc4 52. Kxe5 Kb3 53. Kf6 Kxb2 54. Kxf7 Kxc3 55. h5 b4 56. h6 b3 57. h7 b2 58. h8=Q+ Kc2 59. Qxb2+ Kxb2 60. Kxg6 1-0


[Site "https://www.chess.com"]

[Event "Titled Tuesday Blitz May 23 Early 2023"]
[White "Babazada, Khazar"]
[Black "Dubov, Daniil"]
[WhiteFideId "13413554"]
[BlackFideId "24126055"]
[WhiteElo "2351"]
[BlackElo "2793"]
[Result "1-0"]
[Round "06"]
[TimeControl "180+2"]
[Date "2023.05.23"]
[WhiteClock "0:00:07"]
[BlackClock "0:00:02"]

1. e4 c5 2. Nf3 Nc6 3. Bb5 e6 4. Bxc6 bxc6 5. d3 Ne7 6. O-O d6 7. b3 e5 8. Nc3 Ng6 9. Ne2 Be7 10. Ng3 O-O 11. Nf5 Be6 12. h3 Qd7 13. g4 Bd8 14. Be3 a5 15. a4 f6 16. h4 Ne7 17. Nd2 Kh8 18. h5 Nxf5 19. gxf5 Bf7 20. Kg2 Rg8 21. Rh1 Be7 22. Qf3 d5 23. Nf1 c4 24. bxc4 dxc4 25. Ng3 cxd3 26. cxd3 c5 27. h6 g6 28. Kh2 Rab8 29. Rab1 Rb4 30. Rbc1 Rc8 31. fxg6 hxg6 32. Rhg1 Qe6 33. Nh5 gxh5 34. Rg7 Rg8 35. Qg3 Bf8 36. Rxg8+ Bxg8 37. Rxc5 Qg4 38. Qxg4 hxg4 39. Rxa5 Rb8 40. Ra6 Be7 41. Kg3 Rb7 42. Kxg4 Kh7 43. a5 Kg6 44. Kg3 Bb4 45. Ra8 Bxa5 46. Rxg8+ Kh7 47. Rf8 Kg6 48. Ra8 Bb6 49. Rg8+ Kh7 50. Rg7+ Rxg7+ 51. hxg7 Bxe3 52. fxe3 Kxg7 53. Kh4 Kh6 54. Kg4 Kg6 55. d4 exd4 56. exd4 Kf7 57. Kf5 1-0


[Site "https://www.chess.com"]

[Event "Titled Tuesday Blitz May 23 Early 2023"]
[White "Galchenko, Matvey"]
[Black "Grischuk, Alexander"]
[WhiteFideId "24175480"]
[BlackFideId "4126025"]
[WhiteElo "2423"]
[BlackElo "2721"]
[Result "0-1"]
[Round "06"]
[TimeControl "180+2"]
[Date "2023.05.23"]
[WhiteClock "0:00:13"]
[BlackClock "0:00:09"]

1. f4 d5 2. Nf3 Nf6 3. g3 b5 4. Bg2 Bb7 5. d3 e6 6. O-O Be7 7. a4 b4 8. a5 O-O 9. Ne5 c5 10. Qe1 Nfd7 11. Ng4 Nf6 12. Nxf6+ Bxf6 13. e4 dxe4 14. dxe4 e5 15. f5 Ba6 16. Rf2 Nc6 17. Be3 Nd4 18. h4 Rb8 19. Rd2 Qe7 20. Qf2 Rfd8 21. Kh2 c4 22. c3 Nb3 23. Rxd8+ Rxd8 24. Ra4 bxc3 25. Nxc3 Nd4 26. Nd5 Qd6 27. g4 Rb8 28. g5 Bd8 29. h5 Bb7 30. Nc3 Ba6 31. Ra1 Qb4 32. Rb1 Qxa5 33. g6 Qc7 34. Nd5 Qd7 35. gxh7+ Kxh7 36. Qg3 Rb3 37. Qxe5 Nc6 38. Qf4 Nb4 39. Rg1 Nxd5 40. Qg3 Nxe3 41. Bf3 Bc7 42. e5 Nxf5 43. Be4 Rxg3 44. Bxf5+ Qxf5 45. Kxg3 Qxe5+ 46. Kf3 Qf5+ 47. Ke2 Qe6+ 48. Kd1 Qf6 49. Kc2 c3 50. Rf1 Qxf1 51. bxc3 Qf2+ 52. Kb3 Qf3 53. Ka4 Qb7 54. h6 Qb5+ 55. Ka3 Bd6+ 56. Ka2 Qa4+ 57. Kb2 Ba3+ 58. Kb1 Bd3+ 59. Ka1 Bc1# 0-1


[Site "https://www.chess.com"]